 Dungeon Crawl Stone Soup version 0.31-a0-370-g25055926c8 (webtiles) character file.

Game seed: 16233356791572550845

609 Morbidden the Ruffian (level 7, -2/51 HPs)
             Began as a Demonspawn Shapeshifter on July 29, 2023.
             Was an Initiate of Cheibriados.
             Slain by a two-headed ogre
             ... wielding a +0 giant spiked club
              (10 damage)
             ... on level 6 of the Dungeon.
             The game lasted 00:03:18 (4546 turns).

Morbidden the Ruffian (Demonspawn Shapeshifter)     Turns: 4546, Time: 00:03:19

Health: -2/51      AC:  7    Str: 19    XL:     7   Next: 19%
Magic:  17/17      EV: 11    Int: 10    God:    Cheibriados [......]
Gold:   220        SH:  4    Dex: 14    Spells: 6/6 levels left

rFire   . .          .
                       - Unarmed
rCold   + . .        (no shield)
rNeg    . . .        l - +0 ring mail
rPois   .            (helmet currently unavailable)
rElec   .            (cloak currently unavailable)
rCorr   .            (gloves currently unavailable)
SInv    .            (boots currently unavailable)
Will    .....        s - amulet of faith
Stlth   +            e - ring of magical power
HPRegen 0.28/turn    q - ring of protection from cold
MPRegen 0.15/turn

%: faith
@: beast-form, very slow
A: beast (slay +2), claws 2, icy blue scales 1, spiny 1, condensation shield
a: Begin Untransformation, Renounce Religion


You were on level 6 of the Dungeon.
You worshipped Cheibriados.
Cheibriados was noncommittal.
You were a hulking beast.
You visited 1 branch of the dungeon, and saw 6 of its levels.

You collected 220 gold pieces.

Inventory:

Hand Weapons
 b - a +0 shortbow
Missiles
 i - 7 poisoned darts
 z - 3 silver boomerangs
Armour
 k - a +0 pair of boots
 l - a +0 ring mail (worn)
Jewellery
 e - a ring of magical power (left claw)
 q - a ring of protection from cold (right claw)
 s - an amulet of faith (around neck)
Talismans
 c - a beast talisman
Scrolls
 a - 2 scrolls of revelation {unknown}
 d - 5 scrolls of enchant armour {unknown}
 f - 3 scrolls of blinking {unknown}
 g - a scroll of brand weapon {unknown}
 h - a scroll of identify {unknown}
 j - 2 scrolls of noise {unknown}
 m - 2 scrolls of poison {unknown}
 n - a scroll of fear {unknown}
 v - a scroll of amnesia {unknown}
 y - a scroll of immolation {unknown}
Potions
 o - a potion of lignification
 p - 4 potions of curing
 r - 2 potions of enlightenment {unknown}
 t - a potion of attraction {unknown}
 u - a potion of ambrosia {unknown}
 w - a potion of magic {unknown}
 x - a potion of brilliance {unknown}


   Skills:
 * Level 2.7 Fighting
 + Level 1.3 Ranged Weapons
 + Level 1.9 Armour
 * Level 2.5 Dodging
 + Level 0.4 Stealth
 * Level 5.0 Unarmed Combat
 * Level 1.6 Invocations
 * Level 3.8 Shapeshifting


You had 6 spell levels left.
You didn't know any spells.
Your spell library contained the following spells:

 Spells                   Type           Power      Damage    Failure   Level
 Ensorcelled Hibernation  Hex/Ice        0%         N/A       69%         2
 Passwall                 Tmut/Erth      0%         N/A       69%         2
 Swiftness                Air            0%         N/A       89%         3


Dungeon Overview and Level Annotations

Branches:
Dungeon (6/15)
 Temple: D:4-7

Altars:
Cheibriados
Dithmenos
Fedhas
Hepliaklqana
Okawaru
Ru
Trog
Uskayaw
Yredelemnul

Annotations:
D:4 1 runed translucent door, Crazy Yiuf
D:5 3 runed translucent doors, ouz's ghost, novice OpSh


Innate Abilities, Weirdness & Mutations

You are a hulking beast.
Your limbs bulge with bestial killing power. (Slay +2)
You have very sharp fingernails.
You are partially covered in icy blue scales. (AC +2)
You are partially covered in sharp spines.
A meltable shield of frost defends you. (SH +4)


Message History

No target in view!
You claw the adder!
You kill the adder!
Cheibriados appreciates the change of pace.
A two-headed ogre comes into view.
It is wielding two +0 giant spiked clubs.
The two-headed ogre shouts in stereo!
Found a ring mail.
A two-headed ogre is nearby!
A two-headed ogre is nearby!
You scratch the two-headed ogre.
The two-headed ogre is lightly wounded.
The two-headed ogre is struck by your spines.
The two-headed ogre hits you with a +0 giant spiked club!
The two-headed ogre hits you with a +0 giant spiked club.
You barely miss the two-headed ogre.
The two-headed ogre is lightly wounded.
A two-headed ogre is nearby!
You claw the two-headed ogre!
The two-headed ogre is moderately wounded.
The two-headed ogre hits you with a +0 giant spiked club.
The two-headed ogre hits you with a +0 giant spiked club!!
* * * LOW HITPOINT WARNING * * *
You are too injured to fight recklessly!
You are too injured to fight recklessly!
You are too injured to fight recklessly!
Unknown command.
You are too injured to fight recklessly!
Unknown command.
Okay, then.
Okay, then.
It was a potion of curing.
You feel better.
Unknown command.
Unknown command.
You scratch the two-headed ogre.
The two-headed ogre is heavily wounded.
The two-headed ogre is struck by your spines.
The two-headed ogre hits you with a +0 giant spiked club.
* * * LOW HITPOINT WARNING * * *
The two-headed ogre hits you with a +0 giant spiked club!
You die...

#..# ..# #.# #.###
#...#########
#.#.#.......#
#.#...#### .#
.######.##.....##.#
...[...h###.#....§#
######.O#
#.#.#._.#### #..#
#.#......... #..#
#.#...§....# #..#
#.##.##.##.# #..#
#.##.##.# #..#
#.##.##.# #..#
#.##.###.#.
#........>.


You could see a two-headed ogre.

Vanquished Creatures
  A black bear (D:4)
  An ogre (D:5)
  A centaur (D:5)
  A phantom (D:5)
  A centaur zombie (D:5)
  A bullfrog zombie (D:5)
  A hound (D:5)
  A jelly (D:5)
  An iguana (D:4)
  4 adders
  3 worms
  4 dart slugs
  4 orcs
  6 bats
  7 endoplasms
  A giant cockroach (D:2)
  7 goblins
  7 hobgoblins
  2 jackals (D:2)
  9 kobolds
  A quokka (D:3)
  8 ball pythons
  A frilled lizard (D:1)
  7 rats
80 creatures vanquished.

Notes
Turn   | Place    | Note
-------+----------+-------------------------------------------
     0 | D:1      | Morbidden the Demonspawn Shapeshifter began the quest for
                  | the Orb.
     0 | D:1      | Reached XP level 1. HP: 15/15 MP: 1/1
   417 | D:1      | Gained mutation: You have sharp fingernails. [demonic
                  | ancestry]
   417 | D:1      | Reached XP level 2. HP: 15/21 MP: 2/2
   459 | D:1      | Reached skill level 3 in Unarmed Combat
   932 | D:2      | Found a faded altar of an unknown god.
   943 | D:2      | Gained mutation: You are partially covered in sharp spines.
                  | [demonic ancestry]
   943 | D:2      | Reached XP level 3. HP: 25/26 MP: 3/3
  1883 | D:3      | Found a hide-covered altar of Uskayaw.
  2101 | D:3      | Gained mutation: You are partially covered in icy blue
                  | scales. (AC +2) [demonic ancestry]
  2101 | D:3      | Reached XP level 4. HP: 24/32 MP: 4/4
  2328 | D:3      | Found a blossoming altar of Fedhas.
  2675 | D:4      | Noticed a black bear
  2685 | D:4      | Killed a black bear
  2686 | D:4      | Reached skill level 4 in Unarmed Combat
  2686 | D:4      | Reached XP level 5. HP: 27/38 MP: 5/5
  3077 | D:4      | Found a runed translucent door.
  3078 | D:4      | Noticed Crazy Yiuf
  3294 | D:4      | Reached skill level 1 in Ranged Weapons
  3403 | D:4      | Found a sacrificial altar of Ru.
  3416 | D:4      | Found a hazy altar of Hepliaklqana.
  3419 | D:4      | Found a snail-covered altar of Cheibriados.
  3419 | D:4      | Found an iron altar of Okawaru.
  3427 | D:4      | Found a bloodstained altar of Trog.
  3432 | D:4      | Became a worshipper of Cheibriados the Contemplative
  3777 | D:5      | Entered Level 5 of the Dungeon
  3893 | D:5      | Noticed a phantom
  3904 | D:5      | Killed a phantom
  3905 | D:5      | Reached skill level 1 in Armour
  3905 | D:5      | Gained mutation: You have very sharp fingernails. [demonic
                  | ancestry]
  3905 | D:5      | Reached XP level 6. HP: 42/46 MP: 6/6
  3922 | D:5      | Found a runed translucent gate.
  3922 | D:5      | Found a runed translucent gate.
  3922 | D:5      | Found a runed translucent gate.
  3922 | D:5      | Noticed ouz's ghost (novice OpSh)
  3926 | D:5      | Found a basalt altar of Yredelemnul.
  3959 | D:5      | Reached skill level 1 in Invocations
  4240 | D:5      | Reached skill level 5 in Unarmed Combat
  4240 | D:5      | Gained mutation: A meltable shield of frost defends you.
                  | (SH +4) [demonic ancestry]
  4240 | D:5      | Reached XP level 7. HP: 35/51 MP: 8/8
  4521 | D:6      | Found a shadowy altar of Dithmenos.
  4539 | D:6      | Noticed a two-headed ogre
  4546 | D:6      | Slain by a two-headed ogre

Illustrated notes

Levels and vault maps discovered:
D:1:      lemuel_arrival_river_passageway, layout_basic
D:2:      minmay_skewed_foursquare, layout_basic,
          dreamdust_ecumenical_altar_angels_and_demons, interstate_on_off,
          kennysheep_nondescript
D:3:      layout_rooms, marbit_many_paths, mainiacjoe_overflow_cross_hatched,
          serial_glass, glass_columns_a, glass_columns_a, glass_columns_a,
          glass_columns_b, glass_columns_b, glass_columns_b, glass_columns_a,
          glass_columns_b, grunt_decor_mini_mirrors
D:4:      layout_loops_corners, overflow_temple_1_default,
          nicolae_overflow_hallway_of_the_gods, glass_columns_a,
          uniq_crazy_yiuf_cottage
D:5:      layout_basic, nicolae_yredelemnul_ghost_church
D:6:      layout_basic, grunt_dithmenos_smoke, minmay_temple_entry_from_below_a

Skill      XL: |  1  2  3  4  5  6 |
---------------+-------------------+-----
Shapeshifting  | 3 |  3.8
Unarmed Combat | 3 4 5 |  5.0
Fighting       | 2 |  2.7
Dodging        | 2 |  2.5
Ranged Weapons | 1 |  1.3
Armour         | 1 |  1.9
Invocations    | 1 |  1.6
Stealth        | |  0.4

Action                     |  1- 3 |  4- 6 |  7- 9 || total
---------------------------+-------+-------+-------++-------
  Melee: Unarmed           |    99 |    66 |    12 ||   177
         Punch             |     3 |     1 |       ||     4
   Fire: Shortbow          |    20 |    16 |       ||    36
    Use: Potion            |       |       |     1 ||     1
   Stab: Sleeping          |     1 |       |       ||     1
 Armour: Ring mail         |    26 |    40 |     4 ||    70
         Animal skin       |     4 |       |       ||     4
  Dodge: Dodged            |    45 |    40 |     3 ||    88
  Block: Other             |       |       |     1 ||     1

Table legend: (Time is in decaauts)
 A = Elapsed time spent in this place.
 B = Non-inter-level travel time spent in this place.
 C = Inter-level travel time spent in this place.
 D = Time resting spent in this place.
 E = Time spent auto-exploring this place.
 F = Levels seen in this place.
 G = Mean time per level.
                   A        B        C        D        E       F      G
               +--------+--------+--------+--------+--------+-----+--------+
         Total |   4760 |   4638 |    122 |    484 |   3606 |   6 |  793.3 |
       Dungeon |   4760 |   4638 |    122 |    484 |   3606 |   6 |  793.3 |
               +--------+--------+--------+--------+--------+-----+--------+

Top non-repeatable levels by time:
     D:4: 1366 daAuts
     D:2: 1020 daAuts
     D:1: 864 daAuts
     D:5: 843 daAuts
     D:3: 620 daAuts
     D:6: 43 daAuts
